 Dungeon Crawl Stone Soup version 0.21-a0-625-g1119ec1 (webtiles) character file.

41968 tidbits the Thaumaturge (level 14, -5/106 HPs)
             Began as a Gnoll Earth Elementalist on Dec 24, 2017.
             Was an Elder of Cheibriados.
             Slain by a tengu reaver
             ... wielding a +2 great mace of protection
              (27 damage)
             ... on level 15 of the Dungeon.
             The game lasted 01:14:26 (4725 turns).

tidbits the Thaumaturge (Gnoll Earth Elementalist)  Turns: 4725, Time: 01:14:27

Health: -5/106     AC:  9    Str: 20      XL:     14   Next: 17%
Magic:  2/28       EV: 21    Int: 31      God:    Cheibriados [****..]
Gold:   576        SH:  0    Dex: 24 (25) Spells: 18/33 levels left

rFire    . . .     SeeInvis +   P - +1 demon trident (elec)
rCold    . . .     Gourm    .   (no shield)
rNeg     . . .     Faith    +   B - +0 troll leather armour
rPois    .         Spirit   .   E - +2 helmet {SInv}
rElec    .         Reflect  .   (no cloak)
rCorr    .         Harm     .   G - +0 pair of gloves
MR       +....                  F - +0 pair of boots
Stlth    +++++.....             w - amulet of faith
HPRegen  0.67/turn              (no ring)
MPRegen  0.21/turn              (no ring)

@: very slow
A: distributed training, fangs 1, talons 1, deformed body, deterioration 1,
strong nose
a: Bend Time, Temporal Distortion, Slouch, Renounce Religion


You were on level 15 of the Dungeon.
You worshipped Cheibriados.
Cheibriados was greatly pleased with you.
You were not hungry.

You visited 2 branches of the dungeon, and saw 16 of its levels.

You collected 938 gold pieces.
You spent 362 gold pieces at shops.

Inventory:

Hand Weapons
 a - a +3 dagger of venom
   (You took it off an orc on level 11 of the Dungeon)
 b - the +5 quarterstaff "Holeffej" {protect, rElec rC+}
   (You found it on level 7 of the Dungeon)

   It protects the one who uses it against injury (+AC on strike).
   It protects you from cold.
   It insulates you from electricity.
 i - a +1 antimagic war axe
   (You found it on level 6 of the Dungeon)
 j - a +7 shortbow
 l - a +0 whip of venom
   (You found it on level 1 of the Dungeon)
 m - a +0 blowgun
 o - a +2 hand axe of flaming
   (You took it off an orc on level 3 of the Dungeon)
 q - a +3 scimitar of flaming
   (You took it off Erica on level 8 of the Dungeon)
 x - a +4 long sword
 y - a +3 flail
 K - a +2 morningstar of venom
   (You found it on level 10 of the Dungeon)
 M - a +0 hand crossbow
 P - a +1 demon trident of electrocution (weapon)
   (You took it off an ogre mage on level 15 of the Dungeon)
 R - a +0 lajatang
 T - a +2 war axe of distortion
   (You found it on level 15 of the Dungeon)
Missiles
 f - 13 tomahawks of returning (quivered)
 h - 117 arrows
 p - 3 tomahawks
 v - 115 stones
Armour
 t - +0 acid dragon scales
 u - +0 steam dragon scales
 B - a +0 troll leather armour (worn)
 C - a cursed +0 ring mail
 E - a +2 helmet of see invisible (worn)
   (You bought it in a shop on level 7 of the Dungeon)
 F - a +0 pair of boots (worn)
 G - a +0 pair of gloves (worn)
 S - a +0 robe
 V - the +1 leather armour of the Salmon {MR+ Int-3 Dex+2 Stlth+, unknown}
   (You found it on level 15 of the Dungeon)

   It affects your intelligence (-3).
   It affects your dexterity (+2).
   It affects your resistance to hostile enchantments.
   It makes you more stealthy.
Jewellery
 s - an uncursed ring of ice
   (You found it on level 9 of the Dungeon)
 w - an amulet of faith (around neck)
   (You found it on level 7 of the Dungeon)
 z - an uncursed amulet of the gourmand
   (You found it on level 9 of the Dungeon)
Wands
 k - a wand of flame (19)
 L - a wand of disintegration (4)
 Q - a wand of digging (11)
Scrolls
 g - a scroll of enchant weapon
 n - 2 scrolls of teleportation
 r - 3 scrolls of remove curse
 D - a scroll of amnesia {unknown}
 N - a scroll of immolation {unknown}
 O - a scroll of magic mapping {unknown}
Potions
 A - 2 potions of brilliance
 H - a potion of curing
 I - a potion of flight
Books
 e - a book of Geomancy

   Spells                             Type                      Level
   a - Sandblast                      Earth                        1
   b - Passwall                       Transmutation/Earth          2
   c - Stone Arrow                    Conjuration/Earth            3
   d - Petrify                        Transmutation/Earth          4
   e - Lee's Rapid Deconstruction     Earth                        5
 J - a book of Clouds
   (You found it on level 15 of the Dungeon)

   Spells                             Type                      Level
   a - Poisonous Vapours              Poison/Air                   2
   b - Mephitic Cloud                 Conjuration/Poison/Air       3
   c - Conjure Flame                  Conjuration/Fire             3
   d - Freezing Cloud                 Conjuration/Ice/Air          6
   e - Ring of Flames                 Charms/Fire                  7
Miscellaneous
 U - a lamp of fire
Comestibles
 d - 18 rations


   Skills:
 + Level 8.8 Fighting
 + Level 8.8 Short Blades
 + Level 8.8 Long Blades
 + Level 8.8 Axes
 + Level 8.8 Maces & Flails
 + Level 8.8 Polearms
 + Level 8.8 Staves
 + Level 8.8 Slings
 + Level 8.8 Bows
 + Level 8.8 Crossbows
 + Level 8.8 Throwing
 + Level 8.8 Armour
 + Level 10.0 Dodging
 + Level 9.8 Stealth
 + Level 8.8 Shields
 + Level 8.8 Unarmed Combat
 + Level 10.1 Spellcasting
 + Level 7.3 Conjurations
 + Level 7.3 Hexes
 + Level 7.3 Charms
 + Level 7.3 Summonings
 + Level 7.3 Necromancy
 + Level 7.3 Translocations
 + Level 7.7 Transmutations
 + Level 7.3 Fire Magic
 + Level 7.3 Ice Magic
 + Level 7.3 Air Magic
 + Level 9.2 Earth Magic
 + Level 7.3 Poison Magic
 + Level 9.6 Invocations
 + Level 8.8 Evocations


You had 18 spell levels left.
You knew the following spells:

 Your Spells              Type           Power        Failure   Level  Hunger
a - Sandblast             Erth           ######       1%          1    None
e - Petrify               Tmut/Erth      ######..     1%          4    None
m - Mephitic Cloud        Conj/Pois/Air  ######..     1%          3    None
p - Passwall              Tmut/Erth      ######....   1%          2    None
D - Lee's Rapid Deconstr  Erth           ######....   2%          5    ###....


Dungeon Overview and Level Annotations

Branches:
Dungeon (15/15)            Temple (1/1) D:7             Orc (0/2) D:11
   Lair: D:8-11      Vaults: D:13-14     Depths: D:15

Altars:
Ashenzari
Cheibriados
Dithmenos
Elyvilon
Fedhas
Gozag
Hepliaklqana
Kikubaaqudgha
Makhleb
Nemelex Xobeh
Okawaru
Sif Muna
Trog
Uskayaw
Wu Jian
Xom
Yredelemnul
Zin
The Shining One

Shops:
D:7 [   D:10 ![

Annotations:
D:12 Psyche


Innate Abilities, Weirdness & Mutations

Your experience applies equally to all skills.
You have very sharp teeth.
Your uncanny sense of smell can sniff out nearby items.
You have sharp toenails.
Armour fits poorly on your strangely shaped body.
Your body sometimes deteriorates upon taking damage.


Message History

Cheibriados thoroughly appreciates the change of pace.
A two-headed ogre comes into view.
Found a hardcover book and a dazzling trident.
You see here a hippogriff corpse.
Things that are here:
a buckler; a runed war axe You puncture the two-headed ogre!
You punch the two-headed ogre!
The two-headed ogre is heavily wounded.
The two-headed ogre changes into an anaconda!
You puncture the anaconda!
The anaconda is lightly wounded.
The anaconda grabs you. The anaconda bites you! The anaconda constricts you.
Casting: Lee's Rapid Deconstruction
Confirm with . or Enter, or press ? or * to list all spells.
Aiming: Petrify
Press: ? - help, Shift-Dir - straight line, f - anaconda
Aim: an anaconda shaped shifter (lightly wounded, constricting you, chance to defeat MR: 62%)
The anaconda is moving more slowly.
The anaconda misses you. The anaconda constricts you.
The anaconda completely misses you. The anaconda constricts you.
You puncture the anaconda! You punch the anaconda.
The anaconda is moderately wounded.
The anaconda misses you. The anaconda constricts you.
You catch the helpless anaconda completely off-guard!
You puncture the anaconda! Lightning courses through the anaconda!
The anaconda is severely wounded.
The anaconda bites you! The anaconda constricts you.
The anaconda closely misses you. The anaconda constricts you.
You puncture the anaconda!
The anaconda is severely wounded.
The anaconda barely misses you. The anaconda constricts you.
The anaconda misses you. The anaconda constricts you.
You strike the helpless anaconda from behind!
You hit the anaconda.
You bite the anaconda, but do no damage.
The anaconda is severely wounded.
The anaconda misses you. The anaconda constricts you.
You catch the helpless anaconda completely off-guard!
You hit the anaconda but do no damage. Lightning courses through the anaconda!
The anaconda is almost dead.
The anaconda closely misses you. The anaconda constricts you.
The anaconda bites you but does no damage.
The anaconda constricts you.
You catch the helpless anaconda completely off-guard!
You puncture the anaconda!
You kill the anaconda!
Cheibriados thoroughly appreciates the change of pace.
Your Dodging skill increases to level 10!
T - a runed war axe You see here a lamp of fire.
U - a lamp of fire
Found a leatherbound book.
The tengu reaver mumbles some strange words.
You see here a twisted leather armour.
V - a twisted leather armour A battlesphere comes into view.
The tengu reaver points at you and mumbles some strange words.
The fireball explodes!
The fireball engulfs you!
* * * LOW HITPOINT WARNING * * *
The battlesphere fires!
The barrage of energy hits you!
* * * LOW HITPOINT WARNING * * *
Your body deteriorates!
You feel clumsy.
You see here a potion of degeneration.
Okay, then.
Okay, then.
Unknown command.
You feel much better.
The tengu reaver hits you with a great mace of protection.
* * * LOW HITPOINT WARNING * * *
The tengu reaver closely misses you.
The tengu reaver claws you but does no damage.
Casting: Petrify
Confirm with . or Enter, or press ? or * to list all spells.
Aiming: Petrify
Press: ? - help, Shift-Dir - straight line, f - tengu reaver
Aim: a tengu reaver, wielding a great mace of protection, wearing a glowing scale mail and wearing a dented bronze amulet (chance to defeat MR: 44%)
The tengu reaver resists with some effort.
Casting: Petrify
Confirm with . or Enter, or press ? or * to list all spells.
Aiming: Petrify
Press: ? - help, Shift-Dir - straight line, f/p - tengu reaver
Aim: a tengu reaver, wielding a great mace of protection, wearing a glowing scale mail and wearing a dented bronze amulet (chance to defeat MR: 44%)
The tengu reaver resists with some effort.
The tengu reaver hits you with a great mace of protection!
* * * LOW HITPOINT WARNING * * *
The tengu reaver pecks you!
* * * LOW HITPOINT WARNING * * *
The tengu reaver misses you.
Casting: Petrify
Confirm with . or Enter, or press ? or * to list all spells.
Aiming: Petrify
Press: ? - help, Shift-Dir - straight line, f/p - tengu reaver
Aim: a tengu reaver, wielding a great mace of protection, wearing a glowing scale mail and wearing a dented bronze amulet (chance to defeat MR: 44%)
The tengu reaver is moving more slowly.
The tengu reaver hits you with a great mace of protection!
* * * LOW HITPOINT WARNING * * *
The tengu reaver misses you. The tengu reaver completely misses you.
You feel better.
The tengu reaver hits you with a great mace of protection!!
You die...

.#.#.##≈...)...<..'###§≈≈§§≈≈##
.....##§§##......+#.##)$§§$.≈≈#
.##..##§§..#....'#.#'......?≈#
.#.#..#≈...#...'#.#'..##.#.(≈≈#
..# .##≈§....[##.#'..[.#....≈##
.....##≈≈§≈≈§≈###'*...†###..≈≈
##.###########≈##.....[.##.%≈#
## #≈.Q##..†.....≈≈#
#≈@†###...#..:≈##
#§§§..##.###.(≈≈ #§$.#.##.Q#
.)≈# #§?§........ :≈≈
#≈)$....§)..:∆≈# #≈≈≈≈≈≈≈≈§§≈≈
##≈#≈#≈#≈#≈#§# #######


You could see a tengu reaver (petrifying) and a battlesphere.

Vanquished Creatures
  A frost giant (D:15)
  An orc warlord (D:15)
  A deep elf annihilator (D:15)
  3 ogre magi (D:15)
  An ice dragon (D:15)
  A rakshasa (D:15)
  Erica (D:8)
  An anaconda (shapeshifter) (D:15)
  2 hydras
  7 two-headed ogres
  A centaur warrior (D:15)
  2 deep elf knights (D:15)
  2 flayed ghosts (D:15)
  4 unseen horrors
  A wizard (D:15)
  A deep elf mage (D:15)
  2 wolf spiders (D:15)
  An oklob plant (D:12)
  4 manticores
  14 ugly things
  3 cyclopes
  3 centaur skeletons (D:15)
  A freezing wraith (D:15)
  A komodo dragon (D:15)
  A harpy zombie (D:15)
  3 trolls (D:15)
  2 hornets
  A wind drake (shapeshifter) (D:15)
  4 hippogriffs
  A meliai zombie (D:15)
  A redback (D:15)
  2 slime creatures (D:15)
  3 shadows (D:15)
  A wyvern (D:11)
  3 yaks (D:14)
  A basilisk (D:15)
  2 hungry ghosts (D:11)
  A wraith (D:14)
  7 vampire mosquitoes
  A steam dragon (D:12)
  3 acid dragons (D:15)
  A water moccasin (D:5)
  6 orc warriors
  2 ice beasts
  4 phantoms
  2 sky beasts
  2 black bears (D:10)
  An ogre (D:9)
  A boggart (D:15)
  2 big kobolds
  10 centaurs
  5 bullfrogs
  A wyvern zombie (D:11)
  5 scorpions
  14 killer bees
  10 wights
  4 howler monkeys (D:8)
  3 bullfrog zombies
  7 crimson imps
  A quasit (D:13)
  4 centaur zombies
  4 bullfrog skeletons
  A jelly (D:5)
  4 hounds
  7 orc priests
  An iguana (D:8)
  2 orc wizards
  5 worker ants
  A killer bee zombie (D:9)
  A hound zombie (D:8)
  A howler monkey skeleton (D:8)
  6 adders
  2 shadow imps
  An adder skeleton (D:8)
  A worm (D:3)
  3 dart slugs
  6 leopard geckos
  23 orcs
  6 bats
  2 giant cockroaches (D:2)
  4 goblins
  2 hobgoblins
  5 jackals
  2 quokkas
  2 frilled lizards
  A giant cockroach zombie (D:5)
  8 kobolds
  A leopard gecko skeleton (D:5)
  5 rats
288 creatures vanquished.

Vanquished Creatures (others)
  A wraith (D:15)
1 creature vanquished.

Grand Total: 289 creatures vanquished

Notes
Turn   | Place    | Note
-------+----------+-------------------------------------------
     0 | D:1      | tidbits the Gnoll Earth Elementalist began the quest for the Orb.
     0 | D:1      | Reached XP level 1. HP: 13/13 MP: 6/6
   137 | D:3      | Reached skill level 2 in Transmutations
   137 | D:3      | Reached XP level 2. HP: 19/19 MP: 5/7
   173 | D:1      | Reached XP level 3. HP: 25/25 MP: 1/9
   177 | D:1      | Learned a level 2 spell: Passwall
   209 | D:1      | Reached skill level 5 in Spellcasting
   350 | D:2      | Reached skill level 1 in Invocations
   403 | D:3      | Reached skill level 1 in Fighting
   403 | D:3      | Reached skill level 1 in Short Blades
   403 | D:3      | Reached skill level 1 in Long Blades
   403 | D:3      | Reached skill level 1 in Axes
   403 | D:3      | Reached skill level 1 in Maces & Flails
   403 | D:3      | Reached skill level 1 in Polearms
   403 | D:3      | Reached skill level 1 in Staves
   403 | D:3      | Reached skill level 1 in Slings
   403 | D:3      | Reached skill level 1 in Bows
   403 | D:3      | Reached skill level 1 in Crossbows
   403 | D:3      | Reached skill level 1 in Throwing
   403 | D:3      | Reached skill level 1 in Armour
   403 | D:3      | Reached skill level 1 in Shields
   403 | D:3      | Reached skill level 1 in Unarmed Combat
   403 | D:3      | Reached skill level 1 in Evocations
   403 | D:3      | Reached XP level 4. HP: 23/32 MP: 2/11
   504 | D:4      | Found a shimmering altar of Xom.
   562 | D:5      | Entered Level 5 of the Dungeon
   632 | D:5      | Noticed a sky beast
   638 | D:5      | Killed a sky beast
   638 | D:5      | Reached skill level 1 in Conjurations
   638 | D:5      | Reached skill level 1 in Hexes
   638 | D:5      | Reached skill level 1 in Charms
   638 | D:5      | Reached skill level 1 in Summonings
   638 | D:5      | Reached skill level 1 in Necromancy
   638 | D:5      | Reached skill level 1 in Translocations
   638 | D:5      | Reached skill level 1 in Fire Magic
   638 | D:5      | Reached skill level 1 in Ice Magic
   638 | D:5      | Reached skill level 1 in Air Magic
   638 | D:5      | Reached skill level 1 in Poison Magic
   638 | D:5      | Reached XP level 5. HP: 37/37 MP: 6/12
   645 | D:5      | Reached XP level 6. HP: 43/44 MP: 3/13
   662 | D:5      | Reached skill level 2 in Invocations
   709 | D:7      | Found Ireur's Antique Armour Emporium.
   715 | D:7      | Bought a runed helmet for 120 gold pieces
   769 | D:8      | Noticed a two-headed ogre
   781 | D:8      | Killed a two-headed ogre
   781 | D:8      | Reached skill level 2 in Fighting
   781 | D:8      | Reached skill level 2 in Short Blades
   781 | D:8      | Reached skill level 2 in Long Blades
   781 | D:8      | Reached skill level 2 in Axes
   781 | D:8      | Reached skill level 2 in Maces & Flails
   781 | D:8      | Reached skill level 2 in Polearms
   781 | D:8      | Reached skill level 2 in Staves
   781 | D:8      | Reached skill level 2 in Slings
   781 | D:8      | Reached skill level 2 in Bows
   781 | D:8      | Reached skill level 2 in Crossbows
   781 | D:8      | Reached skill level 2 in Throwing
   781 | D:8      | Reached skill level 2 in Armour
   781 | D:8      | Reached skill level 5 in Dodging
   781 | D:8      | Reached skill level 5 in Stealth
   781 | D:8      | Reached skill level 2 in Shields
   781 | D:8      | Reached skill level 2 in Unarmed Combat
   781 | D:8      | Reached skill level 2 in Conjurations
   781 | D:8      | Reached skill level 2 in Hexes
   781 | D:8      | Reached skill level 2 in Charms
   781 | D:8      | Reached skill level 2 in Summonings
   781 | D:8      | Reached skill level 2 in Necromancy
   781 | D:8      | Reached skill level 2 in Translocations
   781 | D:8      | Reached skill level 3 in Transmutations
   781 | D:8      | Reached skill level 2 in Fire Magic
   781 | D:8      | Reached skill level 2 in Ice Magic
   781 | D:8      | Reached skill level 2 in Air Magic
   781 | D:8      | Reached skill level 6 in Earth Magic
   781 | D:8      | Reached skill level 2 in Poison Magic
   781 | D:8      | Reached skill level 3 in Invocations
   781 | D:8      | Reached skill level 2 in Evocations
   781 | D:8      | Reached XP level 7. HP: 51/51 MP: 12/15
   781 | D:8      | Reached XP level 8. HP: 57/57 MP: 12/16
   881 | D:8      | Noticed Erica
   888 | D:8      | Killed Erica
   888 | D:8      | Reached skill level 3 in Fighting
   888 | D:8      | Reached skill level 3 in Short Blades
   888 | D:8      | Reached skill level 3 in Long Blades
   888 | D:8      | Reached skill level 3 in Axes
   888 | D:8      | Reached skill level 3 in Maces & Flails
   888 | D:8      | Reached skill level 3 in Polearms
   888 | D:8      | Reached skill level 3 in Staves
   888 | D:8      | Reached skill level 3 in Slings
   888 | D:8      | Reached skill level 3 in Bows
   888 | D:8      | Reached skill level 3 in Crossbows
   888 | D:8      | Reached skill level 3 in Throwing
   888 | D:8      | Reached skill level 3 in Armour
   888 | D:8      | Reached skill level 3 in Shields
   888 | D:8      | Reached skill level 3 in Unarmed Combat
   888 | D:8      | Reached skill level 6 in Spellcasting
   888 | D:8      | Reached skill level 3 in Conjurations
   888 | D:8      | Reached skill level 3 in Hexes
   888 | D:8      | Reached skill level 3 in Charms
   888 | D:8      | Reached skill level 3 in Summonings
   888 | D:8      | Reached skill level 3 in Necromancy
   888 | D:8      | Reached skill level 3 in Translocations
   888 | D:8      | Reached skill level 3 in Fire Magic
   888 | D:8      | Reached skill level 3 in Ice Magic
   888 | D:8      | Reached skill level 3 in Air Magic
   888 | D:8      | Reached skill level 3 in Poison Magic
   888 | D:8      | Reached skill level 4 in Invocations
   888 | D:8      | Reached skill level 3 in Evocations
   932 | D:8      | Reached skill level 6 in Dodging
   932 | D:8      | Reached XP level 9. HP: 37/65 MP: 11/18
  1017 | D:8      | Noticed a two-headed ogre
  1025 | D:8      | Killed a two-headed ogre
  1025 | D:8      | Reached skill level 4 in Fighting
  1025 | D:8      | Reached skill level 4 in Short Blades
  1025 | D:8      | Reached skill level 4 in Long Blades
  1025 | D:8      | Reached skill level 4 in Axes
  1025 | D:8      | Reached skill level 4 in Maces & Flails
  1025 | D:8      | Reached skill level 4 in Polearms
  1025 | D:8      | Reached skill level 4 in Staves
  1025 | D:8      | Reached skill level 4 in Slings
  1025 | D:8      | Reached skill level 4 in Bows
  1025 | D:8      | Reached skill level 4 in Crossbows
  1025 | D:8      | Reached skill level 4 in Throwing
  1025 | D:8      | Reached skill level 4 in Armour
  1025 | D:8      | Reached skill level 6 in Stealth
  1025 | D:8      | Reached skill level 4 in Shields
  1025 | D:8      | Reached skill level 4 in Unarmed Combat
  1025 | D:8      | Reached skill level 4 in Transmutations
  1025 | D:8      | Reached skill level 4 in Evocations
  1090 | D:7      | Got a pitted quarterstaff
  1170 | D:7      | Reached skill level 5 in Invocations
  1177 | D:7      | Found a staircase to the Ecumenical Temple.
  1189 | Temple   | Entered the Ecumenical Temple
  1194 | Temple   | Became a worshipper of Cheibriados the Contemplative
  1288 | D:8      | Noticed a hornet
  1298 | D:8      | Killed a hornet
  1298 | D:8      | Reached XP level 10. HP: 56/73 MP: 7/20
  1344 | D:8      | Got a crude hand axe
  1368 | D:8      | Reached skill level 7 in Spellcasting
  1403 | D:7      | Identified the +5 quarterstaff "Holeffej" {protect, rElec rC+} (You found it on level 7 of the Dungeon)
  1404 | D:7      | Identified the cursed +1 hand axe "Kexzuimm" {antimagic, Dex+2} (You found it on level 8 of the Dungeon)
  1425 | D:6      | Found an iron altar of Okawaru.
  1472 | D:5      | Reached skill level 4 in Conjurations
  1472 | D:5      | Reached skill level 4 in Hexes
  1472 | D:5      | Reached skill level 4 in Charms
  1472 | D:5      | Reached skill level 4 in Summonings
  1472 | D:5      | Reached skill level 4 in Necromancy
  1472 | D:5      | Reached skill level 4 in Translocations
  1472 | D:5      | Reached skill level 4 in Fire Magic
  1472 | D:5      | Reached skill level 4 in Ice Magic
  1472 | D:5      | Reached skill level 4 in Air Magic
  1472 | D:5      | Reached skill level 4 in Poison Magic
  1534 | D:5      | Found an opulent altar of Gozag.
  1542 | D:5      | Found a blossoming altar of Fedhas.
  1733 | D:8      | Reached * piety under Cheibriados
  1936 | D:9      | Reached skill level 5 in Fighting
  1936 | D:9      | Reached skill level 5 in Short Blades
  1936 | D:9      | Reached skill level 5 in Long Blades
  1936 | D:9      | Reached skill level 5 in Axes
  1936 | D:9      | Reached skill level 5 in Maces & Flails
  1936 | D:9      | Reached skill level 5 in Polearms
  1936 | D:9      | Reached skill level 5 in Staves
  1936 | D:9      | Reached skill level 5 in Slings
  1936 | D:9      | Reached skill level 5 in Bows
  1936 | D:9      | Reached skill level 5 in Crossbows
  1936 | D:9      | Reached skill level 5 in Throwing
  1936 | D:9      | Reached skill level 5 in Armour
  1936 | D:9      | Reached skill level 5 in Shields
  1936 | D:9      | Reached skill level 5 in Unarmed Combat
  1936 | D:9      | Reached skill level 5 in Evocations
  1956 | D:10     | Entered Level 10 of the Dungeon
  1981 | D:10     | Found Congaroch's Distillery.
  1990 | D:10     | Reached skill level 7 in Earth Magic
  1993 | D:10     | Bought a potion of heal wounds for 55 gold pieces
  1993 | D:10     | Bought a potion of might for 44 gold pieces
  1993 | D:10     | Bought a potion of lignification for 33 gold pieces
  1993 | D:10     | Bought 2 potions of heal wounds for 110 gold pieces
  2013 | D:10     | Reached ** piety under Cheibriados
  2022 | D:10     | Reached skill level 7 in Dodging
  2108 | D:10     | Gained mutation: Armour fits poorly on your strangely shaped body. [potion of mutation]
  2108 | D:10     | Gained mutation: Your body sometimes deteriorates upon taking damage. [potion of mutation]
  2108 | D:10     | Gained mutation: You have sharp toenails. [potion of mutation]
  2149 | D:10     | Learned a level 4 spell: Petrify
  2155 | D:10     | Learned a level 5 spell: Lee's Rapid Deconstruction
  2327 | D:9      | Reached skill level 5 in Transmutations
  2336 | D:9      | Reached *** piety under Cheibriados
  2438 | D:11     | Noticed a cyclops
  2445 | D:11     | Killed a cyclops
  2445 | D:11     | Reached skill level 7 in Stealth
  2445 | D:11     | Reached skill level 6 in Invocations
  2532 | D:10     | Found Poekk's Armour Emporium.
  2660 | D:11     | Found a staircase to the Orcish Mines.
  2711 | D:11     | Noticed a two-headed ogre
  2725 | D:11     | Noticed a manticore
  2732 | D:11     | Killed a two-headed ogre
  2732 | D:11     | Reached XP level 11. HP: 65/81 MP: 8/22
  2735 | D:11     | Killed a manticore
  2741 | D:11     | Reached **** piety under Cheibriados
  2749 | D:11     | Noticed an unseen horror
  2784 | D:11     | Noticed a two-headed ogre
  2791 | D:11     | Killed a two-headed ogre
  2791 | D:11     | Reached skill level 6 in Fighting
  2791 | D:11     | Reached skill level 6 in Short Blades
  2791 | D:11     | Reached skill level 6 in Long Blades
  2791 | D:11     | Reached skill level 6 in Axes
  2791 | D:11     | Reached skill level 6 in Maces & Flails
  2791 | D:11     | Reached skill level 6 in Polearms
  2791 | D:11     | Reached skill level 6 in Staves
  2791 | D:11     | Reached skill level 6 in Slings
  2791 | D:11     | Reached skill level 6 in Bows
  2791 | D:11     | Reached skill level 6 in Crossbows
  2791 | D:11     | Reached skill level 6 in Throwing
  2791 | D:11     | Reached skill level 6 in Armour
  2791 | D:11     | Reached skill level 6 in Shields
  2791 | D:11     | Reached skill level 6 in Unarmed Combat
  2791 | D:11     | Reached skill level 5 in Conjurations
  2791 | D:11     | Reached skill level 5 in Hexes
  2791 | D:11     | Reached skill level 5 in Charms
  2791 | D:11     | Reached skill level 5 in Summonings
  2791 | D:11     | Reached skill level 5 in Necromancy
  2791 | D:11     | Reached skill level 5 in Translocations
  2791 | D:11     | Reached skill level 5 in Fire Magic
  2791 | D:11     | Reached skill level 5 in Ice Magic
  2791 | D:11     | Reached skill level 5 in Air Magic
  2791 | D:11     | Reached skill level 5 in Poison Magic
  2791 | D:11     | Reached skill level 6 in Evocations
  2815 | D:11     | Killed an unseen horror
  2815 | D:11     | Reached skill level 8 in Spellcasting
  2868 | D:11     | Noticed a six-headed hydra
  2872 | D:11     | Killed a six-headed hydra
  2875 | D:11     | Reached ***** piety under Cheibriados
  2897 | D:12     | Found a snail-covered altar of Cheibriados.
  2897 | D:12     | Noticed an oklob plant
  2907 | D:12     | Killed an oklob plant
  2907 | D:12     | Reached skill level 7 in Invocations
  2917 | D:12     | Noticed Psyche
  2961 | D:12     | Reached skill level 8 in Dodging
  3147 | D:13     | Noticed a vault guard
  3156 | D:13     | Noticed a purple ugly thing
  3161 | D:13     | Killed a purple ugly thing
  3161 | D:13     | Reached skill level 6 in Transmutations
  3201 | D:14     | Noticed a two-headed ogre
  3209 | D:14     | Killed a two-headed ogre
  3209 | D:14     | Reached skill level 8 in Stealth
  3209 | D:14     | Reached XP level 12. HP: 89/89 MP: 19/24
  3238 | D:14     | Reached skill level 8 in Earth Magic
  3248 | D:15     | Entered Level 15 of the Dungeon
  3339 | D:14     | Noticed a two-headed ogre
  3347 | D:14     | Killed a two-headed ogre
  3381 | D:14     | Reached skill level 7 in Fighting
  3381 | D:14     | Reached skill level 7 in Short Blades
  3381 | D:14     | Reached skill level 7 in Long Blades
  3381 | D:14     | Reached skill level 7 in Axes
  3381 | D:14     | Reached skill level 7 in Maces & Flails
  3381 | D:14     | Reached skill level 7 in Polearms
  3381 | D:14     | Reached skill level 7 in Staves
  3381 | D:14     | Reached skill level 7 in Slings
  3381 | D:14     | Reached skill level 7 in Bows
  3381 | D:14     | Reached skill level 7 in Crossbows
  3381 | D:14     | Reached skill level 7 in Throwing
  3381 | D:14     | Reached skill level 7 in Armour
  3381 | D:14     | Reached skill level 7 in Shields
  3381 | D:14     | Reached skill level 7 in Unarmed Combat
  3381 | D:14     | Reached skill level 7 in Evocations
  3507 | D:15     | Reached skill level 6 in Conjurations
  3507 | D:15     | Reached skill level 6 in Hexes
  3507 | D:15     | Reached skill level 6 in Charms
  3507 | D:15     | Reached skill level 6 in Summonings
  3507 | D:15     | Reached skill level 6 in Necromancy
  3507 | D:15     | Reached skill level 6 in Translocations
  3507 | D:15     | Reached skill level 6 in Fire Magic
  3507 | D:15     | Reached skill level 6 in Ice Magic
  3507 | D:15     | Reached skill level 6 in Air Magic
  3507 | D:15     | Reached skill level 6 in Poison Magic
  3549 | D:15     | Noticed a four-headed hydra
  3550 | D:15     | Found an ancient bone altar of Kikubaaqudgha.
  3556 | D:15     | Killed a four-headed hydra
  3556 | D:15     | Reached skill level 8 in Invocations
  3558 | D:15     | Found a hazy altar of Hepliaklqana.
  3559 | D:15     | Found a glowing golden altar of the Shining One.
  3586 | D:15     | Reached skill level 9 in Spellcasting
  3613 | D:15     | Noticed a two-headed ogre
  3617 | D:15     | Noticed a deep elf knight
  3618 | D:15     | Killed a two-headed ogre
  3624 | D:15     | Killed a deep elf knight
  3643 | D:15     | Noticed an orc warlord
  3648 | D:15     | Reached skill level 9 in Dodging
  3651 | D:15     | HP: 1/91 [orc warlord/long sword (21)]
  3656 | D:15     | Killed an orc warlord
  3656 | D:15     | Reached XP level 13. HP: 36/98 MP: 1/26
  3804 | D:15     | Noticed an ogre mage
  3806 | D:15     | Reached skill level 9 in Stealth
  3807 | D:15     | Paralysed by an ogre mage for 2 turns
  3813 | D:15     | Killed an ogre mage
  3813 | D:15     | Reached skill level 7 in Transmutations
  3852 | D:15     | Reached skill level 8 in Fighting
  3852 | D:15     | Reached skill level 8 in Short Blades
  3852 | D:15     | Reached skill level 8 in Long Blades
  3852 | D:15     | Reached skill level 8 in Axes
  3852 | D:15     | Reached skill level 8 in Maces & Flails
  3852 | D:15     | Reached skill level 8 in Polearms
  3852 | D:15     | Reached skill level 8 in Staves
  3852 | D:15     | Reached skill level 8 in Slings
  3852 | D:15     | Reached skill level 8 in Bows
  3852 | D:15     | Reached skill level 8 in Crossbows
  3852 | D:15     | Reached skill level 8 in Throwing
  3852 | D:15     | Reached skill level 8 in Armour
  3852 | D:15     | Reached skill level 8 in Shields
  3852 | D:15     | Reached skill level 8 in Unarmed Combat
  3852 | D:15     | Reached skill level 8 in Evocations
  4190 | D:15     | Reached skill level 9 in Invocations
  4208 | D:15     | Noticed a frost giant
  4274 | D:15     | Killed a frost giant
  4326 | D:15     | Reached skill level 7 in Conjurations
  4326 | D:15     | Reached skill level 7 in Hexes
  4326 | D:15     | Reached skill level 7 in Charms
  4326 | D:15     | Reached skill level 7 in Summonings
  4326 | D:15     | Reached skill level 7 in Necromancy
  4326 | D:15     | Reached skill level 7 in Translocations
  4326 | D:15     | Reached skill level 7 in Fire Magic
  4326 | D:15     | Reached skill level 7 in Ice Magic
  4326 | D:15     | Reached skill level 7 in Air Magic
  4326 | D:15     | Reached skill level 9 in Earth Magic
  4326 | D:15     | Reached skill level 7 in Poison Magic
  4356 | D:15     | Noticed an ice dragon
  4370 | D:15     | Killed an ice dragon
  4392 | D:15     | Noticed a tengu reaver
  4400 | D:15     | Noticed a rakshasa
  4404 | D:15     | Killed a rakshasa
  4442 | D:15     | Reached skill level 10 in Spellcasting
  4453 | D:15     | Reached XP level 14. HP: 76/106 MP: 2/28
  4536 | D:15     | Noticed a deep elf annihilator
  4541 | D:15     | Killed a deep elf annihilator
  4603 | D:15     | Learned a level 3 spell: Mephitic Cloud
  4710 | D:15     | Reached skill level 10 in Dodging
  4719 | D:15     | Got a twisted leather armour
  4724 | D:15     | HP: 10/106 [tengu reaver/great mace of protection (11)]
  4725 | D:15     | Slain by a tengu reaver

Vault maps used:
D:1:      sevenhm_arrival_forest_fort_large_4
D:2:      nicolae_overflow_crystal_walls
D:3:      wad_river_or_something, nicolae_underground_beach
D:4:      kennysheep_mini, first_ration, abandoned_shop, st_stairs_10,
          uniq_eustachio
D:5:      hangedman_ru_absence, minitemple
D:6:      grunt_qazlal_clouds, okawaru_trees_2, serial_shops,
          kennysheep_mini_moat
D:7:      minmay_temple_entry_poolview, serial_shops,
          nicolae_shop_overgrown_old_shop, uniq_menkaure
D:8:      special_room, uniq_erica
D:10:     grunt_lair_entry_orc_guard_hut, serial_shops,
          nicolae_shop_statue_plus, shop, shop, shop, blue_anna_alchemist,
          lemuel_statue_altar
D:11:     erik_orc_4
D:12:     lemuel_oklob_altar, uniq_psyche, uniq_josephine
D:13:     grunt_vaults_entry_fortified
D:15:     hangedman_slaughterboxes
Temple:   minmay_freezing_vapour_temple

Skill      XL: |  1  2  3  4  5  6  7  8  9 10 11 12 13 14 |
---------------+-------------------------------------------+-----
Transmutations | 2 3 4 5 6 7 |  7.7
Spellcasting   | 5 6 7 8 9 10 | 10.1
Invocations    | 1 3 4 5 6 7 8 9 |  9.6
Fighting       | 1 2 3 4 5 6 7 8 |  8.8
Short Blades   | 1 2 3 4 5 6 7 8 |  8.8
Long Blades    | 1 2 3 4 5 6 7 8 |  8.8
Axes           | 1 2 3 4 5 6 7 8 |  8.8
Maces & Flails | 1 2 3 4 5 6 7 8 |  8.8
Polearms       | 1 2 3 4 5 6 7 8 |  8.8
Staves         | 1 2 3 4 5 6 7 8 |  8.8
Slings         | 1 2 3 4 5 6 7 8 |  8.8
Bows           | 1 2 3 4 5 6 7 8 |  8.8
Crossbows      | 1 2 3 4 5 6 7 8 |  8.8
Throwing       | 1 2 3 4 5 6 7 8 |  8.8
Armour         | 1 2 3 4 5 6 7 8 |  8.8
Shields        | 1 2 3 4 5 6 7 8 |  8.8
Unarmed Combat | 1 2 3 4 5 6 7 8 |  8.8
Evocations     | 1 2 3 4 5 6 7 8 |  8.8
Conjurations   | 1 2 3 4 5 6 7 |  7.3
Hexes          | 1 2 3 4 5 6 7 |  7.3
Charms         | 1 2 3 4 5 6 7 |  7.3
Summonings     | 1 2 3 4 5 6 7 |  7.3
Necromancy     | 1 2 3 4 5 6 7 |  7.3
Translocations | 1 2 3 4 5 6 7 |  7.3
Fire Magic     | 1 2 3 4 5 6 7 |  7.3
Ice Magic      | 1 2 3 4 5 6 7 |  7.3
Air Magic      | 1 2 3 4 5 6 7 |  7.3
Poison Magic   | 1 2 3 4 5 6 7 |  7.3
Dodging        | 5 6 7 8 9 10 | 10.0
Stealth        | 5 6 7 8 9 |  9.8
Earth Magic    | 6 7 8 9 |  9.2

Action                   |  1- 3 |  4- 6 |  7- 9 | 10-12 | 13-15 || total
-------------------------+-------+-------+-------+-------+-------++-------
Melee: Short sword       |     4 |     5 |    12 |       |       ||    21
       Bite              |       |       |     3 |    30 |    38 ||    71
       Quarterstaff      |       |       |       |   111 |    87 ||   198
       Hand axe          |       |       |       |    37 |       ||    37
       Dagger            |       |       |       |    49 |    54 ||   103
       Punch             |       |       |       |     3 |    11 ||    14
       Scimitar          |       |       |       |       |     9 ||     9
       Demon trident     |       |       |       |       |    15 ||    15
Throw: Throwing net      |       |       |       |     1 |     1 ||     2
       Tomahawk          |       |       |       |       |     1 ||     1
 Cast: Sandblast         |    31 |    21 |    60 |   146 |    10 ||   268
       Passwall          |     2 |     3 |     9 |    18 |     3 ||    35
       Petrify           |       |       |       |    26 |    45 ||    71
       Lee's Rapid Decon |       |       |       |     6 |    12 ||    18
       Mephitic Cloud    |       |       |       |       |     3 ||     3
Invok: Slouch            |       |       |       |     5 |     4 ||     9
       Bend Time         |       |       |       |       |     3 ||     3
Evoke: Wand              |       |     2 |     2 |    23 |    18 ||    45
  Use: Scroll            |     3 |     2 |     1 |    13 |     5 ||    24
       Potion            |       |       |       |     6 |     6 ||    12
 Stab: Sleeping          |     3 |       |     4 |    11 |     6 ||    24
       Paralysed         |       |     5 |     8 |    16 |       ||    29
       Petrified         |       |       |       |    24 |    26 ||    50
       Petrifying        |       |       |       |     3 |    24 ||    27
       Held in net/web   |       |       |       |       |     2 ||     2
  Eat: Chunk             |       |       |     1 |     7 |     2 ||    10
       Ration            |       |       |       |       |     1 ||     1
Armor: Robe              |     3 |     2 |     4 |    25 |       ||    34
       Skin              |       |       |       |    49 |       ||    49
       Steam dragon scal |       |       |       |    16 |     8 ||    24
       Troll leather arm |       |       |       |       |    28 ||    28
Dodge: Dodged            |    14 |     7 |    28 |   272 |   173 ||   494
       Rpst.: Scimitar   |       |       |       |       |     1 ||     1

Table legend:
 A = Spawn XP
 B = Non-spawn XP
 C = Spawn XP percentage of total XP
 D = Spawn monster count
 E = Non-spawn monster count
 F = Spawn count percentage of total count
 G = Total turns spent on level
                    A         B        C        D         E        F      G
               +---------+---------+-------+---------+---------+-------+---------
         Total |       0 |   59955 |   0.0 |       0 |     289 |   0.0 |  4725
               +---------+---------+-------+---------+---------+-------+---------
           D:1 |       0 |      18 |   0.0 |       0 |      12 |   0.0 |   221
           D:2 |       0 |      31 |   0.0 |       0 |      10 |   0.0 |   130
           D:3 |       0 |      46 |   0.0 |       0 |       9 |   0.0 |   151
           D:4 |       0 |       5 |   0.0 |       0 |       2 |   0.0 |   128
           D:5 |       0 |     454 |   0.0 |       0 |       8 |   0.0 |   189
           D:6 |       0 |       3 |   0.0 |       0 |       1 |   0.0 |   125
           D:7 |       0 |     683 |   0.0 |       0 |       8 |   0.0 |   314
           D:8 |       0 |    3979 |   0.0 |       0 |      34 |   0.0 |   516
           D:9 |       0 |     762 |   0.0 |       0 |      22 |   0.0 |   345
          D:10 |       0 |    1790 |   0.0 |       0 |      25 |   0.0 |   381
          D:11 |       0 |    6657 |   0.0 |       0 |      43 |   0.0 |   354
          D:12 |       0 |    2377 |   0.0 |       0 |      16 |   0.0 |   205
          D:13 |       0 |    1102 |   0.0 |       0 |       4 |   0.0 |   119
          D:14 |       0 |    4138 |   0.0 |       0 |      13 |   0.0 |   265
          D:15 |       0 |   37910 |   0.0 |       0 |      82 |   0.0 |  1271
               +---------+---------+-------+---------+---------+-------+---------

Table legend:
 A = Turns spent in this place as a percentage of turns spent in the entire game.
 B = Non-inter-level travel turns spent in this place as a percentage of non-inter-level travel turns spent in the entire game.
 C = Inter-level travel turns spent in this place as a percentage of turns spent in this place.
 D = Turns resting spent in this place as a percentage of non-inter-level travel turns spent in this place.
 E = Turns spent auto-exploring this place as a percentage of non-inter-level travel turns spent in this place.
 F = Non-inter-level travel turns spent in this place divided by the number of levels of this place that you've seen.
                   A       B       C       D       E      F
               +-------+-------+-------+-------+-------+----------------------
         Total | 100.0 | 100.0 |   3.6 |   0.1 |   0.2 | 284.8
       Dungeon |  99.8 |  99.8 |   3.6 |   0.1 |   0.2 | 303.0
        Temple |   0.2 |   0.2 |   0.0 |   0.0 |   0.0 |  11.0
               +-------+-------+-------+-------+-------+----------------------

Table legend:
 A = Kills in this place as a percentage of kills in entire the game.
 B = Kills by you in this place as a percentage of kills by you in the entire game.
 C = Kills by friends in this place as a percentage of kills by friends in the entire game.
 D = Other kills in this place as a percentage of other kills in the entire game.
 E = Experience gained in this place as a percentage of experience gained in the entire game.
 F = Experience gained in this place divided by the number of levels of this place that you have seen.
                   A       B       C       D       E      F
               +-------+-------+-------+-------+-------+----------------------
         Total | 100.0 | 100.0 |   N/A | 100.0 | 100.0 | 3747.2
       Dungeon | 100.0 | 100.0 |   N/A | 100.0 | 100.0 | 3997.0
               +-------+-------+-------+-------+-------+----------------------

Vault maps used:
D:1:      sevenhm_arrival_forest_fort_large_4
D:2:      nicolae_overflow_crystal_walls
D:3:      wad_river_or_something, nicolae_underground_beach
D:4:      kennysheep_mini, first_ration, abandoned_shop, st_stairs_10,
          uniq_eustachio
D:5:      hangedman_ru_absence, minitemple
D:6:      grunt_qazlal_clouds, okawaru_trees_2, serial_shops,
          kennysheep_mini_moat
D:7:      minmay_temple_entry_poolview, serial_shops,
          nicolae_shop_overgrown_old_shop, uniq_menkaure
D:8:      special_room, uniq_erica
D:10:     grunt_lair_entry_orc_guard_hut, serial_shops,
          nicolae_shop_statue_plus, shop, shop, shop, blue_anna_alchemist,
          lemuel_statue_altar
D:11:     erik_orc_4
D:12:     lemuel_oklob_altar, uniq_psyche, uniq_josephine
D:13:     grunt_vaults_entry_fortified
D:15:     hangedman_slaughterboxes
Temple:   minmay_freezing_vapour_temple
